 Dungeon Crawl Stone Soup version 0.24-a0-278-gefa1973 (webtiles) character file.

Game seed: 11608486219387668398

44558 TheOvate the Peltast (level 13, -1/130 HPs)
             Began as a Deep Dwarf Fighter on Apr 29, 2019.
             Was the Champion of Makhleb.
             Slain by an eight-headed hydra (7 damage)
             ... on level 6 of the Lair of Beasts.
             The game lasted 01:08:08 (12992 turns).

TheOvate the Peltast (Deep Dwarf Fighter)          Turns: 12992, Time: 01:08:08

Health: -1/130     AC: 19    Str: 22    XL:     13   Next: 96%
Magic:  0/11 (1)   EV:  6    Int: 25    God:    Makhleb [******]
Gold:   1250       SH: 14    Dex: 10    Spells: 12/12 levels left

rFire    . . .     SeeInvis .   x - +6 flail of Subterfuge {flame, rElec rPois Int+9 Dex-3}
rCold    + . .     Gourm    .   c - +0 shield
rNeg     . . .     Faith    +   Q - +0 plate armour
rPois    +         Spirit   +   n - +3 hat of Pondering {ponderous, MR+ MP+10 Int+5}
rElec    +         Reflect  .   d - scarf {Spirit}
rCorr    .         Harm     .   w - +0 pair of gloves
MR       ++...                  o - +0 pair of boots
Stlth    ..........             P - amulet of faith
HPRegen  0.00/turn              r - ring of poison resistance
MPRegen  0.12/turn              E - ring of protection from cold

@: non-regenerating, slow
A: damage resistance, heal wounds, sense surroundings 2, no regeneration
a: Heal Wounds, Minor Destruction, Lesser Servant of Makhleb, Major Destruction,
Greater Servant of Makhleb, Renounce Religion


You were on level 6 of the Lair of Beasts.
You worshipped Makhleb.
Makhleb was exalted by your worship.
You were not hungry.

You visited 3 branches of the dungeon, and saw 19 of its levels.

You collected 1250 gold pieces.

Inventory:

Hand Weapons
 x - the +6 flail of Subterfuge (weapon) {flame, rElec rPois Int+9 Dex-3}
   (You found it on level 5 of the Dungeon)

   It has been specially enchanted to burn those struck by it, causing extra
   injury to most foes and up to half again as much damage against particularly
   susceptible opponents.
   It affects your intelligence (+9).
   It affects your dexterity (-3).
   It insulates you from electricity.
   It protects you from poison.
 S - a +2 hand axe of flaming
Armour
 c - a +0 shield (worn)
 d - a scarf of spirit shield (worn)
 j - a +0 helmet
 n - the +3 hat of Pondering (worn) {ponderous, MR+ MP+10 Int+5}
   (You took it off Gastronok on level 1 of the Lair of Beasts)

   It affects your intelligence (+5).
   It affects your resistance to hostile enchantments.
   It affects your magic capacity (+10).
 o - a +0 pair of boots (worn)
 w - a +0 pair of gloves (worn)
 Q - a +0 plate armour (worn)
 U - a +0 large shield
Jewellery
 a - an uncursed ring of ice
 g - an uncursed ring of see invisible
 h - an uncursed ring of ice
 i - an uncursed ring of fire
 m - an uncursed ring of positive energy
 r - a ring of poison resistance (left hand)
 v - an uncursed amulet of magic regeneration
 E - a ring of protection from cold (right hand)
 K - an uncursed ring of magical power
 P - an amulet of faith (around neck)
Wands
 e - a wand of polymorph (8)
 y - a wand of digging (6)
 B - a wand of scattershot (8)
 C - a wand of iceblast (8)
 D - a wand of paralysis (8)
 H - a wand of flame (11)
 I - a wand of acid (9)
 M - a wand of random effects (16)
Scrolls
 k - 5 scrolls of remove curse
 q - 5 scrolls of enchant weapon
 s - 5 scrolls of teleportation
 G - 6 scrolls of amnesia
 J - 4 scrolls of fear
 N - 4 scrolls of fog
Potions
 l - 3 potions of mutation
 p - 9 potions of curing
 u - a potion of invisibility {unknown}
 z - 2 potions of haste {unknown}
 A - 3 potions of flight
 O - a potion of agility
 R - 2 potions of resistance
 T - 2 potions of degeneration {unknown}
Miscellaneous
 b - a lightning rod (4/4)
 L - a sack of spiders
Comestibles
 f - 36 rations
 t - 4 chunks of flesh


   Skills:
 - Level 12.5 Fighting
 - Level 9.1(11.3) Axes
 + Level 10.1(11.3) Maces & Flails
 - Level 8.0 Armour
 - Level 1.0 Stealth
 - Level 15.0 Shields
 - Level 5.0 Invocations
 - Level 2.3 Evocations


You had 12 spell levels left.
You didn't know any spells.
Your spell library contained the following spells:

 Spells                   Type           Power        Failure   Level  Hunger
 Beastly Appendage        Tmut           #.....       91%         1    ##.....
 Infusion                 Chrm           #...         91%         1    ##.....
 Shroud of Golubria       Chrm/Tloc      #.........   97%         2    ###....
 Song of Slaying          Chrm           #.......     97%         2    ###....
 Sticks to Snakes         Tmut           #.......     97%         2    ###....
 Spectral Weapon          Hex/Chrm       #.......     99%         3    ####...
 Spider Form              Tmut/Pois      #.........   99%         3    ####...
 Ice Form                 Ice/Tmut       #.......     100%        4    #####..
 Blade Hands              Tmut           #.........   100%        5    ######.
 Regeneration             Chrm/Necr      Unusable     N/A         3    N/A

Dungeon Overview and Level Annotations

Branches:
Dungeon (12/15)            Temple (1/1) D:7            Lair (6/6) D:11
  Swamp (0/4) Lair:2       Spider (0/4) Lair:3        Slime (0/5) Lair:5
    Orc (0/2) D:12

Altars:
Ashenzari
Elyvilon
Gozag
Makhleb
Nemelex Xobeh
Okawaru
Qazlal
Ru
Sif Muna
Trog
Wu Jian
Yredelemnul
Zin
Jiyva

Annotations:
D:3 2 transporters, feelmyfire's ghost, amateur MfGl
D:7 2 transporters
Lair:3 spider entrance
Lair:5 slime entrance


Innate Abilities, Weirdness & Mutations

You are resistant to damage.
You can heal yourself by infusing magical energy.
You passively map the area around you.
You do not regenerate.


Message History

* * * LOW HITPOINT WARNING * * *
The eight-headed hydra bites you but does no damage. x2
A seven-headed hydra comes into view.
The water moccasin barely misses you. The death yak gores you!
* * * LOW HITPOINT WARNING * * *
The komodo dragon bites you but does no damage.
The wyvern bites you but does no damage.
A water moccasin comes into view.
The black mamba bites you but does no damage.
The crocodile barely misses you.
The eight-headed hydra closely misses you.
The eight-headed hydra bites you!
* * * LOW HITPOINT WARNING * * *
The eight-headed hydra bites you!
* * * LOW HITPOINT WARNING * * *
The eight-headed hydra bites you.
* * * LOW HITPOINT WARNING * * *
The eight-headed hydra bites you but does no damage.
The eight-headed hydra bites you!
You die...

, , , , * , ,
#....##,PPD##.* ,,, * ..,
.....#*...... ,
,....##....##...... , , *,
#..P.....#..PP..y.....
.#.P.....P#.P........#, ,
..............s......#*,
.......S.....DSSl...### ,
, ........S...Ft@Y......#,
, ,
..............ll.......
,,,
...........Ft.......... ,
,
.......รท...............,,
, .....................(.
, ,
,P......................
,P.#......#..P..........,
* ##.#.....##.....##...##
* ,.P.......##....## ...#
*


You could see a death yak, an eight-headed hydra, a seven-headed hydra, a komodo
dragon, a black mamba, 2 blink frogs, a hornet, 3 water moccasins, 2 crocodiles,
2 wyverns and a redback.

Vanquished Creatures
  Gastronok (Lair:1)
  Josephine (D:10)
  Fannar (D:12)
  3 hydras
  A two-headed ogre (D:12)
  3 death yaks
  Urug (D:12)
  An unseen horror (D:11)
  A manticore (D:12)
  2 ugly things
  2 black mambas
  2 gargoyles (D:12)
  6 spiny frogs
  2 rime drakes
  4 komodo dragons
  A demonic crawler (Lair:3)
  3 trolls
  A hornet (D:9)
  Grinder (D:6)
  A polar bear (Lair:4)
  18 blink frogs
  5 hippogriffs
  11 wyverns
  4 wraiths
  48 yaks
  2 basilisks
  A human (D:7)
  7 hogs
  A hungry ghost (D:8)
  Edmund (D:6)
  A soldier ant (D:12)
  2 swamp worms (Lair:2)
  A warg (D:12)
  9 water moccasins
  7 porcupines
  An ice beast (D:7)
  3 sky beasts
  An eye of draining (D:9)
  3 black bears
  10 orc warriors
  A necrophage (D:10)
  3 phantoms
  8 ogres
  6 wolves (Lair:2)
  A centaur (D:9)
  8 crocodiles
  4 big kobolds
  15 bullfrogs
  2 scorpions
  21 killer bees
  7 wights
  5 howler monkeys
  4 crimson imps
  A centaur zombie (D:9)
  A quasit (D:8)
  A jelly (D:8)
  A bullfrog zombie (D:5)
  9 hounds
  3 centaur skeletons
  11 orc priests
  Natasha (thrice) (D:2)
  Terence (D:3)
  5 iguanas
  12 orc wizards
  11 worker ants
  2 hound zombies
  A worker ant zombie (D:11)
  7 gnolls
  12 adders
  5 shadow imps
  An adder skeleton (D:4)
  3 worms
  A dart slug (D:1)
  10 leopard geckos
  54 orcs
  4 bats
  7 giant cockroaches
  3 goblins
  5 hobgoblins
  11 jackals
  7 quokkas
  3 ball pythons
  A ball python skeleton (D:4)
  A frilled lizard (D:4)
  29 kobolds
  A quokka zombie (D:5)
  A rat (D:2)
  A fungus (D:10)
488 creatures vanquished.

Vanquished Creatures (collateral kills)
  Rupert (Lair:4)
  2 death yaks (Lair:5)
  A wyvern (Lair:5)
4 creatures vanquished.

Vanquished Creatures (others)
  5 fungi
  2 plants
  5 toadstools (D:10)
12 creatures vanquished.

Grand Total: 504 creatures vanquished

Notes
Turn   | Place    | Note
-------+----------+-------------------------------------------
     0 | D:1      | TheOvate the Deep Dwarf Fighter began the quest for the
                  | Orb.
     0 | D:1      | Reached XP level 1. HP: 20/20 MP: 1/1
   171 | D:1      | Reached XP level 2. HP: 27/27 MP: 2/2
   528 | D:2      | Reached XP level 3. HP: 28/33 MP: 3/3
   538 | D:2      | Noticed Natasha
   551 | D:2      | Killed Natasha
   564 | D:2      | Found a white marble altar of Elyvilon.
   569 | D:2      | Found an iron altar of Okawaru.
   634 | D:2      | Found a sparkling altar of Nemelex Xobeh.
   807 | D:2      | Found a sacrificial altar of Ru.
   817 | D:2      | Noticed Natasha
   824 | D:2      | Killed Natasha
   824 | D:2      | Reached XP level 4. HP: 36/40 MP: 4/4
   828 | D:2      | Reached skill level 5 in Axes
   926 | D:2      | Noticed Natasha
   936 | D:2      | Killed Natasha
   936 | D:2      | Reached XP level 5. HP: 37/46 MP: 5/5
  1174 | D:2      | Reached skill level 1 in Stealth
  1278 | D:3      | Noticed Terence
  1288 | D:3      | Killed Terence
  1404 | D:3      | Found a transporter.
  1405 | D:3      | Noticed an ogre
  1407 | D:3      | Noticed feelmyfire's ghost (amateur MfGl)
  1408 | D:3      | Found a transporter.
  1519 | D:3      | Found a glowing silver altar of Zin.
  1819 | D:3      | Reached XP level 6. HP: 17/55 MP: 4/4
  2070 | D:4      | Reached XP level 7. HP: 54/61 MP: 3/3
  2469 | D:5      | Entered Level 5 of the Dungeon
  2564 | D:5      | Got an ichor-stained flail
  2565 | D:5      | Identified the +6 flail of Subterfuge {flame, rElec rPois
                  | Int+9 Dex-3} (You found it on level 5 of the Dungeon)
  2769 | D:5      | Reached XP level 8. HP: 68/68 MP: 4/4
  2999 | D:6      | Reached skill level 5 in Maces & Flails
  3059 | D:6      | Noticed Edmund
  3073 | D:6      | Killed Edmund
  3300 | D:6      | Gained mutation: You passively map the area around you.
                  | [Deep Dwarf growth]
  3300 | D:6      | Reached XP level 9. HP: 72/74 MP: 0/5
  3306 | D:6      | Noticed Grinder
  3315 | D:6      | Killed Grinder
  3683 | D:7      | Found an ornate altar of the Wu Jian Council.
  3738 | D:7      | Found a transporter.
  3795 | D:6      | Reached skill level 5 in Fighting
  4139 | D:7      | Reached XP level 10. HP: 60/94 MP: 0/4
  4293 | D:7      | Found a staircase to the Ecumenical Temple.
  4393 | Temple   | Entered the Ecumenical Temple
  4419 | Temple   | Became a worshipper of Makhleb the Destroyer
  4566 | D:7      | Found a transporter.
  5086 | D:8      | Found a basalt altar of Yredelemnul.
  5287 | D:8      | Reached * piety under Makhleb
  5392 | D:9      | Reached skill level 10 in Fighting
  5697 | D:9      | Found a stormy altar of Qazlal.
  5768 | D:9      | Reached XP level 11. HP: 52/110 MP: 0/2
  6153 | D:10     | Entered Level 10 of the Dungeon
  6171 | D:10     | Reached ** piety under Makhleb
  6305 | D:10     | Noticed Josephine
  6330 | D:10     | Killed Josephine
  6907 | D:11     | Noticed a purple ugly thing
  6944 | D:10     | Killed a purple ugly thing
  6992 | D:11     | Reached *** piety under Makhleb
  7031 | D:11     | Reached skill level 5 in Armour
  7289 | D:11     | Killed an unseen horror
  7331 | D:11     | Noticed a cyan ugly thing
  7334 | D:11     | Reached **** piety under Makhleb
  7340 | D:11     | Killed a cyan ugly thing
  7378 | D:11     | Found a staircase to the Lair.
  8147 | D:12     | Noticed Fannar
  8168 | D:12     | Killed Fannar
  8168 | D:12     | Reached skill level 4 in Shields
  8168 | D:12     | Reached XP level 12. HP: 95/123 MP: 0/1
  8301 | D:12     | Reached skill level 5 in Shields
  8303 | D:12     | Noticed a five-headed hydra
  8318 | D:12     | Killed a five-headed hydra
  8318 | D:12     | Reached skill level 6 in Shields
  8323 | D:12     | Noticed Urug
  8353 | D:12     | Killed Urug
  8353 | D:12     | Reached skill level 7 in Shields
  8407 | D:12     | Reached skill level 8 in Shields
  8446 | D:12     | Noticed a death knight
  8687 | D:12     | Noticed a two-headed ogre
  8695 | D:12     | Killed a two-headed ogre
  8881 | Lair:1   | Entered Level 1 of the Lair of Beasts
  9114 | Lair:1   | Reached skill level 9 in Shields
  9127 | Lair:1   | Reached skill level 1 in Evocations
  9134 | Lair:1   | Reached ***** piety under Makhleb
  9320 | Lair:1   | Noticed Gastronok
  9336 | Lair:1   | Killed Gastronok
  9336 | Lair:1   | Reached skill level 10 in Shields
  9775 | Lair:2   | Reached skill level 11 in Shields
  9793 | Lair:2   | Found a staircase to the Swamp.
 10008 | Lair:2   | Reached XP level 13. HP: 130/130 MP: 0/1
 10045 | Lair:2   | Reached skill level 12 in Shields
 10620 | Lair:3   | Reached skill level 13 in Shields
 10646 | Lair:3   | Got a brightly glowing whip
 10647 | Lair:3   | Identified the cursed +1 whip of Terphero {speed, rN+
                  | Stlth+} (You found it on level 3 of the Lair of Beasts)
 11014 | Lair:3   | Found a hole to the Spider Nest.
 11380 | Lair:4   | Noticed Rupert
 11631 | Lair:4   | Reached skill level 14 in Shields
 11822 | Lair:4   | Killed Rupert
 12127 | Lair:5   | Found a viscous altar of Jiyva.
 12127 | Lair:5   | Found a staircase to the Slime Pits.
 12198 | Lair:5   | Reached ****** piety under Makhleb
 12221 | Lair:5   | Reached skill level 15 in Shields
 12426 | Lair:5   | Reached skill level 1 in Invocations
 12789 | Lair:6   | Entered Level 6 of the Lair of Beasts
 12871 | Lair:6   | Reached skill level 5 in Invocations
 12985 | Lair:5   | Reached skill level 10 in Maces & Flails
 12992 | Lair:6   | HP: 6/130 [eight-headed hydra (2)]
 12992 | Lair:6   | Slain by an eight-headed hydra

Levels and vault maps discovered:
D:1:      minmay_arrival_diagonal_passages, layout_basic
D:2:      layout_loops_ring, nemelex_xobeh_ov_fountains_minmay,
          chequers_temple_overflow_statue_of_worship,
          nicolae_ru_great_annihilating_truth, uniq_natasha
D:3:      layout_rooms, lemuel_round_altar, gammafunk_ghost_smash,
          serial_co_window_serial, co_window_paths_a,
          co_window_of_opportunity_a, co_window_corner_a, co_window_corner_a,
          co_window_paths_b, co_window_paths_a, co_window_of_opportunity_c,
          co_window_2corner, co_window_broadway_a, co_window_broadway_a,
          co_window_broadway_a, glass_columns_c, glass_columns_b,
          glass_columns_a, glass_columns_b, first_ration, uniq_terence
D:4:      layout_basic
D:5:      layout_cave_pools, kennysheep_big_empty_room
D:6:      layout_rooms, serial_bayou_pond_d, grunt_decor_fettered, uniq_edmund,
          uniq_grinder
D:7:      gammafunk_the_bubble [the_bubble_gammafunk_grid], layout_cave_pools,
          overflow_temple_1_default, temple_pool_b, grunt_livestock,
          chequers_serial_rivers_micro_a, corexii_checkpoint_a, minivault_22,
          chequers_avenue
D:8:      layout_rooms, nicolae_overflow_crystal_walls
D:9:      layout_long_grid, grunt_qazlal_sundering, small_chamber_with_monster
D:10:     layout_loops_ring, minmay_gold_behind_fungi, uniq_josephine
D:11:     layout_loops_corners, lair_entry_dummy
D:12:     layout_basic, erik_orc_4, uniq_fannar, uniq_kirke, uniq_urug
Temple:   jpeg_temple_clearing
Lair:1:   layout_regular_city, st_stairs_5, lemuel_fruit_tree,
          serial_bayou_shore_b, grunt_megastairs_2, lemuel_fruit_fields,
          uniq_gastronok
Lair:2:   layout_misc_corridors, minmay_swamp_entry_worms, serial_bayou_shore_b
Lair:3:   layout_big_grid, nicolae_spider_entry_non_spiders
Lair:4:   layout_cave_pods, chequers_serial_rivers_micro_a, beast_lair_carwin_7,
          lemuel_fruit_fields, uniq_rupert
Lair:5:   layout_loops_ring, slime_altar_1, cheibrodos_lair_reptile_den
Lair:6:   hangedman_lair_tendril_chambers, layout_regular_city,
          guppyfry_lair_end_dragon

Skill      XL: |  1  2  3  4  5  6  7  8  9 10 11 12 13 |
---------------+----------------------------------------+-----
Axes           | 3 4 5 6 8 9 |  9.1
Stealth        | 1 |  1.0
Maces & Flails | 4 8 9 10 | 10.1
Fighting       | 7 10 12 | 12.5
Armour         | 8 |  8.0
Shields        | 4 11 15 | 15.0
Evocations     | 2 |  2.3
Invocations    | 5 |  5.0

Action                   |  1- 3 |  4- 6 |  7- 9 | 10-12 | 13-15 || total
-------------------------+-------+-------+-------+-------+-------++-------
Melee: War axe           |    74 |   160 |    39 |       |       ||   273
       Flail             |       |       |   286 |   946 |   455 ||  1687
Invok: Lesser Servant of |       |       |       |       |     4 ||     4
 Abil: Heal Wounds       |     1 |     7 |    14 |    25 |     7 ||    54
Evoke: Wand              |       |       |       |     3 |       ||     3
  Use: Scroll            |       |     4 |     3 |     8 |    14 ||    29
       Potion            |       |       |     3 |     3 |     7 ||    13
 Stab: Paralysed         |     1 |       |       |     3 |       ||     4
       Distracted        |       |       |       |       |     2 ||     2
  Eat: Chunk             |       |     4 |     7 |    24 |    11 ||    46
Armor: Scale mail        |    30 |    49 |   147 |   185 |       ||   411
       Plate armour      |       |       |       |   173 |   236 ||   409
Dodge: Dodged            |    32 |    46 |   103 |   190 |   106 ||   477
Block: Shield            |    46 |    66 |   168 |   373 |   320 ||   973

Table legend:
 A = Non-vault XP
 B = Vault XP
 C = Vault XP percentage of total XP
 D = Non-vault monster count
 E = Vault monster count
 F = Vault count percentage of total count
                 A         B        C        D         E       F
            +---------+---------+-------+---------+---------+-------
      Total |   48089 |   15566 |  24.5 |     420 |      71 |  14.5
            +---------+---------+-------+---------+---------+-------
        D:1 |      29 |       0 |   0.0 |      15 |       0 |   0.0
        D:2 |     145 |      77 |  34.7 |      15 |       5 |  25.0
        D:3 |     106 |      36 |  25.4 |      19 |       1 |   5.0
        D:4 |     439 |       0 |   0.0 |      19 |       0 |   0.0
        D:5 |     647 |       0 |   0.0 |      14 |       0 |   0.0
        D:6 |    2638 |     454 |  14.7 |      51 |       2 |   3.8
        D:7 |    1782 |     979 |  35.5 |      49 |       7 |  12.5
        D:8 |     864 |       0 |   0.0 |      21 |       0 |   0.0
        D:9 |    3102 |     131 |   4.1 |      27 |       1 |   3.6
       D:10 |    3857 |    1638 |  29.8 |      29 |       4 |  12.1
       D:11 |    4283 |       0 |   0.0 |      50 |       0 |   0.0
       D:12 |    4571 |    2812 |  38.1 |      11 |      17 |  60.7
     Lair:1 |    1673 |    2754 |  62.2 |       9 |       4 |  30.8
     Lair:2 |    9416 |     332 |   3.4 |      43 |       2 |   4.4
     Lair:3 |    3970 |     444 |  10.1 |      16 |       8 |  33.3
     Lair:4 |    2117 |    5457 |  72.0 |      10 |      13 |  56.5
     Lair:5 |    6436 |     452 |   6.6 |      16 |       7 |  30.4
     Lair:6 |    2014 |       0 |   0.0 |       6 |       0 |   0.0
            +---------+---------+-------+---------+---------+-------
